[Event "Titled Tuesday Blitz March 21 Early 2023"]
[White "Vivas Zamora, Fabian Ernesto"]
[Black "Fajdetic, Hrvoje"]
[WhiteFideId "3902480"]
[BlackFideId "14501945"]
[WhiteElo "2262"]
[BlackElo "2185"]
[Result "0-1"]
[Round "07"]
[TimeControl "180+2"]
[Date "2023.03.21"]
[WhiteClock "0:00:01"]
[BlackClock "0:00:13"]

1. e4 c5 2. Nc3 e6 3. Nge2 Nc6 4. d4 cxd4 5. Nxd4 d6 6. g4 Be7 7. Be3 h5 8. gxh5 Nf6 9. Be2 Qa5 10. Nb3 Qc7 11. Rg1 Kf8 12. f4 a6 13. a4 Na5 14. Qd4 Nxb3 15. cxb3 e5 16. Qd2 Be6 17. Rc1 Qa5 18. Bc4 Bxc4 19. bxc4 Rxh5 20. f5 Rc8 21. Qg2 Rh7 22. b3 b5 23. axb5 axb5 24. Bd2 bxc4 25. Nd5 Qa7 26. bxc4 Nxd5 27. cxd5 Bh4+ 28. Ke2 Qa6+ 29. Kf3 Qd3+ 30. Kg4 Rxc1 31. Rxc1 Bd8 32. Qg3 Qxe4+ 0-1


[Site "https://www.chess.com"]

[Event "Titled Tuesday Blitz March 21 Early 2023"]
[White "Forgacs, Attila Jr."]
[Black "Sabar, Ethmane Daouda"]
[WhiteFideId "773654"]
[BlackFideId "19600097"]
[WhiteElo "2168"]
[BlackElo "1950"]
[Result "1-0"]
[Round "07"]
[TimeControl "180+2"]
[Date "2023.03.21"]
[WhiteClock "0:00:13"]
[BlackClock "0:00:01"]

1. a3 Nf6 2. b4 g6 3. Bb2 Bg7 4. e3 O-O 5. Be2 d6 6. h4 h6 7. g4 e5 8. g5 Nh7 9. gxh6 Bxh6 10. h5 g5 11. d4 e4 12. d5 f5 13. c4 Nd7 14. c5 Ne5 15. Bxe5 dxe5 16. d6 Be6 17. Nc3 Nf6 18. Nb5 cxd6 19. Nxd6 Qe7 20. Qc2 Rad8 21. Bc4 Kh7 22. Ne2 b6 23. Ng3 Ng4 24. Bxe6 Qxe6 25. Ndxf5 Rd3 26. Nxe4 Rfd8 27. Ned6 bxc5 28. Qxd3 e4 29. Qxe4 Qf6 30. Rd1 Rxd6 31. Nxd6+ Kh8 32. Qe8+ Bf8 33. Qf7 Qc3+ 34. Kf1 1-0


[Site "https://www.chess.com"]

[Event "Titled Tuesday Blitz March 21 Early 2023"]
[White "Rose, Felix"]
[Black "Valle Maytin, Luis Enrique"]
[WhiteFideId "5105722"]
[BlackFideId "3503666"]
[WhiteElo "2039"]
[BlackElo "2225"]
[Result "0-1"]
[Round "07"]
[TimeControl "180+2"]
[Date "2023.03.21"]
[WhiteClock "0:00:02"]
[BlackClock "0:00:17"]

1. d4 Nf6 2. Nc3 d5 3. Bf4 c6 4. e3 h6 5. Bd3 Bg4 6. f3 Be6 7. Nge2 g6 8. h4 Bg7 9. Qd2 a5 10. g4 b5 11. Ng3 a4 12. a3 Nbd7 13. O-O-O Qb6 14. g5 Ng8 15. Nce2 h5 16. e4 dxe4 17. fxe4 Bg4 18. e5 e6 19. Be3 Ne7 20. Ne4 Nf5 21. Bf2 Bxe2 22. Bxe2 Qc7 23. Qb4 Bf8 24. Qc3 Qb7 25. Bf3 Ra6 26. Nc5 Nxc5 27. dxc5 Bg7 28. Be4 O-O 29. Bxf5 exf5 30. Rhe1 Re8 31. Rd6 Raa8 32. Bd4 Re6 33. Re3 Rae8 34. Rxe6 fxe6 35. b4 Rd8 36. Kb2 Kf7 37. Rd3 Rd5 38. Qe1 Qd7 39. c3 Qc7 40. Re3 Qd7 41. Qe2 Kg8 42. Qd3 Kh7 43. Qc2 Rxd4 44. cxd4 Qxd4+ 45. Qc3 Qxh4 46. Qd3 Qxg5 47. Kc3 Qf4 48. Rf3 Qxe5+ 49. Kd2 Qb2+ 50. Kd1 Qa1+ 51. Ke2 e5 52. Rg3 e4 0-1


[Site "https://www.chess.com"]

[Event "Titled Tuesday Blitz March 21 Early 2023"]
[White "Hernandez Bonilla, Amelia"]
[Black "Bhavikatti, Neil"]
[WhiteFideId "3900193"]
[BlackFideId "30935024"]
[WhiteElo "2188"]
[BlackElo "2337"]
[Result "0-1"]
[Round "07"]
[TimeControl "180+2"]
[Date "2023.03.21"]
[WhiteClock "0:00:51"]
[BlackClock "0:00:48"]

1. d4 d5 2. Bf4 Nf6 3. e3 e6 4. Nf3 Bd6 5. Ne5 O-O 6. Bd3 c5 7. c3 Qc7 8. Bg3 Nfd7 9. f4 f5 10. Nd2 Nxe5 11. fxe5 Be7 12. O-O b6 13. Kh1 Ba6 14. Bxa6 Nxa6 15. Qh5 b5 16. Nf3 b4 17. Bh4 bxc3 18. bxc3 Bxh4 19. Qxh4 h6 20. Rac1 Rab8 21. Rc2 Rb6 22. g4 fxg4 23. Qxg4 Qf7 24. Rcf2 Qf5 25. Qg2 Qe4 26. Rg1 Rb7 27. Nd2 Rxf2 28. Nxe4 Rxg2 0-1


[Site "https://www.chess.com"]

[Event "Titled Tuesday Blitz March 21 Early 2023"]
[White "Kraus, Tomas"]
[Black "salgadoLO"]
[WhiteFideId "331708"]
[WhiteElo "2389"]
[BlackElo "2186"]
[Result "0-1"]
[Round "07"]
[TimeControl "180+2"]
[Date "2023.03.21"]
[WhiteClock "0:00:07"]
[BlackClock "0:00:17"]

1. e4 c5 2. Nc3 a6 3. f4 b5 4. Nf3 Bb7 5. d3 e6 6. g3 d5 7. Bg2 b4 8. Ne2 dxe4 9. Ng5 Nf6 10. Nxe4 Nxe4 11. Bxe4 Bxe4 12. dxe4 Qxd1+ 13. Kxd1 Nc6 14. Be3 Be7 15. Ke1 O-O-O 16. Kf2 Rd7 17. a3 Kb7 18. a4 Na5 19. Rad1 Rhd8 20. Rxd7+ Rxd7 21. Nc1 Nc4 22. b3 Nxe3 23. Kxe3 c4 24. Ke2 cxb3 25. Nxb3 Rc7 26. Kd2 Rc3 27. Re1 e5 28. Re3 exf4 29. gxf4 Rxe3 30. Kxe3 Kc6 31. Kd4 Bd6 32. e5 Bc7 33. Kc4 f6 34. Nd4+ Kd7 35. exf6 gxf6 36. f5 Bxh2 37. Kxb4 h5 38. Kc5 Bg1 39. Kd5 Bxd4 40. Kxd4 Kd6 41. c4 a5 42. Ke4 Kc5 43. Kf4 Kxc4 44. Kg3 Kd5 45. Kh4 Ke5 46. Kxh5 Kxf5 0-1


[Site "https://www.chess.com"]

[Event "Titled Tuesday Blitz March 21 Early 2023"]
[White "Piesik, Piotr"]
[Black "Simonovic, Miroslav"]
[WhiteFideId "1136194"]
[BlackFideId "919152"]
[WhiteElo "2311"]
[BlackElo "2042"]
[Result "1/2-1/2"]
[Round "07"]
[TimeControl "180+2"]
[Date "2023.03.21"]
[WhiteClock "0:00:09"]
[BlackClock "0:00:06"]

1. Nf3 c5 2. g3 Nc6 3. Bg2 g6 4. O-O Bg7 5. c3 e5 6. e4 Nge7 7. Na3 O-O 8. d4 cxd4 9. cxd4 Nxd4 10. Nxd4 exd4 11. Bf4 d5 12. e5 Nc6 13. Re1 Re8 14. Qb3 Qb6 15. Bxd5 Qxb3 16. axb3 Be6 17. Bxe6 Rxe6 18. Nb5 Bxe5 19. Bxe5 Rxe5 20. Rxe5 Nxe5 21. Nxd4 Rd8 22. Nb5 a6 23. Nc3 Rd2 24. Na4 Nd3 25. Rf1 b5 26. Nc3 Rxb2 27. Rd1 Nxf2 28. Rd6 Nh3+ 29. Kh1 Rxb3 30. Ne4 Re3 31. Nc5 a5 32. Rb6 b4 33. Rb5 Ra3 34. Kg2 Ng5 35. Nb7 Ra2+ 36. Kh1 Ne4 37. Nxa5 Nf2+ 38. Kg1 Nd3 39. Nc6 Rc2 40. Nxb4 Rb2 41. Rb8+ Kg7 42. Nc6 Rxb8 43. Nxb8 h5 44. Nc6 Kf6 45. Kg2 Kf5 46. h3 Ke6 47. Nd8+ Ke7 48. Nc6+ Kd6 49. Nd8 f6 50. Kf3 Nc5 51. Kf4 Kd7 52. Nf7 Ke7 53. Nh8 g5+ 54. Kf5 Ne6 55. Kg6 h4 56. gxh4 gxh4 57. Kh5 Nf4+ 58. Kxh4 Nxh3 59. Kxh3 f5 60. Kg3 f4+ 61. Kxf4 1/2-1/2


[Site "https://www.chess.com"]

[Event "Titled Tuesday Blitz March 21 Early 2023"]
[White "Blomqvist, Erik"]
[Black "Fabris, Alberto"]
[WhiteFideId "1709437"]
[BlackFideId "801348"]
[WhiteElo "2436"]
[BlackElo "2195"]
[Result "1-0"]
[Round "07"]
[TimeControl "180+2"]
[Date "2023.03.21"]
[WhiteClock "0:01:34"]
[BlackClock "0:01:22"]

1. e4 c5 2. Nf3 d6 3. d4 cxd4 4. Nxd4 Nf6 5. Nc3 a6 6. Be2 e5 7. Nb3 Be7 8. Be3 O-O 9. g4 Be6 10. g5 Nfd7 11. Qd2 Nc6 12. O-O-O Na5 13. Nd5 Nxb3+ 14. axb3 Bxd5 15. exd5 Qc7 16. Kb1 b5 17. h4 Nc5 18. f4 exf4 19. Bxf4 Rfe8 20. h5 Bf8 21. g6 fxg6 22. hxg6 h6 23. Bg4 Qe7 24. Rdf1 Qe4 25. b4 Na4 26. Be6+ Kh8 27. Bxh6 Rxe6 28. Bxg7+ Kxg7 29. Qh6+ 1-0


[Site "https://www.chess.com"]

[Event "Titled Tuesday Blitz March 21 Early 2023"]
[White "Kuchava, Ana"]
[Black "Shuvalov, Evgenij"]
[WhiteFideId "13605348"]
[BlackFideId "4187237"]
[WhiteElo "2001"]
[BlackElo "2080"]
[Result "0-1"]
[Round "07"]
[TimeControl "180+2"]
[Date "2023.03.21"]
[WhiteClock "0:00:09"]
[BlackClock "0:00:19"]

1. d4 Nf6 2. Nf3 c5 3. d5 b5 4. g3 d6 5. Bg2 g6 6. O-O Bg7 7. Re1 O-O 8. e4 Nbd7 9. h3 Qc7 10. Bf4 Nh5 11. Be3 Bxb2 12. Nbd2 Bxa1 13. Qxa1 f6 14. Bh6 Re8 15. g4 Ng7 16. Nh4 c4 17. f4 c3 18. Ndf3 b4 19. Kh2 Bb7 20. Nd4 Nc5 21. Qd1 e5 22. dxe6 Ngxe6 23. Nb5 Qb6 24. Nxd6 Rad8 25. e5 Bxg2 26. Nxg2 Qc6 27. Qe2 Qd5 28. Rd1 Qxa2 29. exf6 Nd4 30. f7+ Qxf7 31. Nxf7 Rxe2 32. Nxd8 Nf3+ 33. Kg3 Rd2 34. Ra1 Nd4 35. Rxa7 Ne4+ 36. Kh2 Nf3+ 37. Kh1 Ng3# 0-1


[Site "https://www.chess.com"]

[Event "Titled Tuesday Blitz March 21 Early 2023"]
[White "Bethke, Richard"]
[Black "Sanchez, Robert"]
[WhiteFideId "12959243"]
[BlackFideId "2034360"]
[WhiteElo "2369"]
[BlackElo "2173"]
[Result "1-0"]
[Round "07"]
[TimeControl "180+2"]
[Date "2023.03.21"]
[WhiteClock "0:02:12"]
[BlackClock "0:01:25"]

1. e4 d5 2. exd5 Qxd5 3. Nc3 Qe6+ 4. Be2 Qg6 5. Bf3 Nc6 6. d4 Bf5 7. Nb5 O-O-O 8. c3 Kb8 9. Bf4 e5 10. Bxc6 Qxc6 11. Nxa7 Kxa7 12. Bxe5 Qxg2 13. Bxc7 Re8+ 14. Kd2 Qc6 15. Bf4 Nf6 16. Nf3 Ne4+ 17. Kc1 Nxf2 18. Qb3 Qxc3+ 1-0


[Site "https://www.chess.com"]

[Event "Titled Tuesday Blitz March 21 Early 2023"]
[White "Mrudul Dehankar"]
[Black "Kornyukov, Alexey"]
[WhiteFideId "25096990"]
[BlackFideId "4150457"]
[WhiteElo "2139"]
[BlackElo "2352"]
[Result "0-1"]
[Round "07"]
[TimeControl "180+2"]
[Date "2023.03.21"]
[WhiteClock "0:00:01"]
[BlackClock "0:00:14"]

1. e4 c5 2. Nf3 Nc6 3. d4 cxd4 4. Nxd4 e5 5. Nb5 Nf6 6. N1c3 Bb4 7. Bg5 O-O 8. a3 Bxc3+ 9. Nxc3 d6 10. Nd5 Nd4 11. c3 Ne6 12. Nxf6+ gxf6 13. Bh6 Re8 14. Bc4 Ng7 15. h4 Be6 16. Qf3 Kh8 17. Bd3 d5 18. O-O Rg8 19. Rad1 Qb6 20. b4 dxe4 21. Qxe4 f5 22. Qxe5 Rac8 23. c4 Bxc4 24. Bxf5 f6 25. Bxg7+ Rxg7 26. Qf4 Bxf1 27. Rxf1 Rcg8 28. Be4 Qd4 29. Qf5 Qd6 30. h5 Qe5 31. h6 Rf7 32. g3 Rgf8 33. Qxe5 fxe5 34. Kg2 Rd7 0-1


[Site "https://www.chess.com"]

[Event "Titled Tuesday Blitz March 21 Early 2023"]
[White "Bongo Akanga Ndjila, Barthelemy"]
[Black "Martinez, Shawn"]
[WhiteFideId "10609431"]
[BlackFideId "2039770"]
[WhiteElo "1768"]
[BlackElo "2174"]
[Result "0-1"]
[Round "07"]
[TimeControl "180+2"]
[Date "2023.03.21"]
[WhiteClock "0:00:59"]
[BlackClock "0:00:09"]

1. d4 Nf6 2. c4 g6 3. Nc3 Bg7 4. e4 d6 5. Be2 O-O 6. Nf3 Bg4 7. Be3 Bxf3 8. Bxf3 Nc6 9. d5 Na5 10. Be2 c5 11. Qd2 a6 12. h4 Rb8 13. h5 b5 14. hxg6 fxg6 15. Bh6 Rf7 16. cxb5 axb5 17. Bxg7 Rxg7 18. Bxb5 Qb6 19. f3 c4 20. O-O-O Nh5 21. g4 Nf6 22. g5 Nh5 23. Bd7 Ng3 24. Be6+ Kh8 25. Rh3 Nh5 26. f4 Nxf4 27. Rh4 Nd3+ 28. Kb1 Nxb2 29. Rdh1 Nd3+ 30. Ka1 Nb3+ 31. axb3 Qa5+ 32. Na2 Qxd2 33. R4h2 Qxg5 34. bxc4 Qe5+ 0-1


[Site "https://www.chess.com"]

[Event "Titled Tuesday Blitz March 21 Early 2023"]
[White "Sarkar, Justin"]
[Black "lluiss"]
[WhiteFideId "2010011"]
[WhiteElo "2189"]
[BlackElo "2156"]
[Result "1-0"]
[Round "07"]
[TimeControl "180+2"]
[Date "2023.03.21"]
[WhiteClock "0:00:04"]
[BlackClock "0:00:17"]

1. e4 c5 2. Nf3 d6 3. d4 cxd4 4. Nxd4 Nf6 5. Nc3 g6 6. Be3 Bg7 7. f3 O-O 8. Qd2 Nc6 9. Bc4 Bd7 10. O-O-O Ne5 11. Bb3 Qa5 12. Kb1 Rfc8 13. h4 Rc5 14. h5 Rxc3 15. bxc3 Nxh5 16. Bh6 Rc8 17. Rxh5 Nc4 18. Bxc4 Qxh5 19. Bxg7 Kxg7 20. Bb3 Qc5 21. Ne2 Be6 22. Qd4+ Kg8 23. Qxc5 Rxc5 24. Kb2 Rh5 25. Nd4 Bxb3 26. axb3 Rh2 27. Rd2 h5 28. c4 a6 29. Kc3 h4 30. b4 e5 31. Nb3 h3 32. gxh3 Rxh3 33. Rd3 f5 34. Na5 b6 35. Nb7 Kf7 36. Nxd6+ Ke6 37. Nc8 b5 38. cxb5 axb5 39. Na7 f4 40. Nxb5 g5 41. Nc7+ Kf7 42. b5 Rh8 43. b6 Rb8 44. Nd5 Ke6 45. Kc4 Kd6 46. Kb5 Ke6 47. Kc6 Rh8 48. b7 Rg8 49. Kb6 g4 50. fxg4 f3 51. Rxf3 Kd7 52. Rf7+ Ke6 53. Rf6+ Kd7 54. Ka7 1-0


[Site "https://www.chess.com"]

[Event "Titled Tuesday Blitz March 21 Early 2023"]
[White "Rodriguez Santiago, Jaime"]
[Black "Vargas Rodriguez, Wilver"]
[WhiteFideId "3100898"]
[BlackFideId "3509672"]
[WhiteElo "2025"]
[BlackElo "2238"]
[Result "1/2-1/2"]
[Round "07"]
[TimeControl "180+2"]
[Date "2023.03.21"]
[WhiteClock "0:00:21"]
[BlackClock "0:00:10"]

1. c4 Nf6 2. Nc3 g6 3. g3 Bg7 4. Bg2 O-O 5. e4 e5 6. Nge2 c5 7. d3 d6 8. O-O Nc6 9. h3 Be6 10. Kh2 Nd4 11. Be3 Qd7 12. f4 Rab8 13. Rb1 b5 14. cxb5 Nxb5 15. Nxb5 Rxb5 16. Nc3 Rb7 17. f5 gxf5 18. exf5 Bxa2 19. Nxa2 d5 20. Bg5 Rfb8 21. Rf2 h6 22. Bxf6 Bxf6 23. Nc3 e4 24. Ne2 e3 25. Rf3 d4 26. Rf4 Rxb2 27. Rxb2 Rxb2 28. Nc1 Qb7 29. Re4 Kh7 30. Kh1 Qb4 31. Qh5 Qe1+ 32. Kh2 Rxg2+ 33. Kxg2 Qf2+ 34. Kh1 Qf1+ 35. Kh2 Qf2+ 36. Kh1 Qf1+ 37. Kh2 Qf2+ 38. Kh1 1/2-1/2


[Site "https://www.chess.com"]

[Event "Titled Tuesday Blitz March 21 Early 2023"]
[White "dorpato"]
[Black "Hernandez Leon, Alberto"]
[BlackFideId "2272555"]
[WhiteElo "1982"]
[BlackElo "2239"]
[Result "0-1"]
[Round "07"]
[TimeControl "180+2"]
[Date "2023.03.21"]
[WhiteClock "0:00:06"]
[BlackClock "0:00:17"]

1. d4 c5 2. e3 Nf6 3. Nf3 g6 4. b3 Bg7 5. Bb2 O-O 6. Be2 Ne4 7. O-O d5 8. c4 dxc4 9. Bxc4 Bg4 10. h3 Bxf3 11. Qxf3 Nd6 12. Rd1 Nc6 13. Bd5 Qc7 14. Na3 Nb4 15. Nc4 e6 16. dxc5 Nxc4 17. Bxg7 Ne5 18. Bxe5 Qxe5 19. Bxb7 Rab8 20. c6 Nd5 21. Rac1 Kg7 22. Qe2 Rfd8 23. Qc4 Qc7 24. e4 Nf6 25. Rxd8 Rxd8 26. f3 Rd2 27. Rc2 Rd1+ 28. Kf2 Qb6+ 29. Qc5 Qc7 30. Qxa7 Qh2 31. Qc5 Qg1+ 32. Kg3 Nh5+ 33. Kh4 Qe1+ 0-1


[Site "https://www.chess.com"]

[Event "Titled Tuesday Blitz March 21 Early 2023"]
[White "victormago"]
[Black "Singgih, Diajeng Theresa"]
[BlackFideId "7104391"]
[WhiteElo "2242"]
[BlackElo "1891"]
[Result "1-0"]
[Round "07"]
[TimeControl "180+2"]
[Date "2023.03.21"]
[WhiteClock "0:01:25"]
[BlackClock "0:01:10"]

1. d4 d5 2. c4 e5 3. dxe5 Bb4+ 4. Bd2 Bxd2+ 5. Qxd2 Ne7 6. cxd5 Nxd5 7. Nf3 O-O 8. e3 Be6 9. Be2 Nd7 10. Nc3 N7b6 11. O-O c6 12. Rfd1 Qe7 13. a4 Rfd8 14. Qc1 Qb4 15. Rd4 Qc5 16. a5 Nd7 17. Nxd5 Qxc1+ 18. Rxc1 cxd5 19. Rcd1 Nc5 20. b4 Nb3 21. R4d3 1-0


[Site "https://www.chess.com"]

[Event "Titled Tuesday Blitz March 21 Early 2023"]
[White "Vargas, Mauricio"]
[Black "Thiel, Thomas"]
[WhiteFideId "4404572"]
[BlackFideId "4615964"]
[WhiteElo "2025"]
[BlackElo "2240"]
[Result "0-1"]
[Round "07"]
[TimeControl "180+2"]
[Date "2023.03.21"]
[WhiteClock "0:00:05"]
[BlackClock "0:00:18"]

1. e4 d5 2. e5 Bf5 3. f4 e6 4. Nf3 c5 5. Bb5+ Nc6 6. Bxc6+ bxc6 7. O-O h5 8. d3 h4 9. h3 Nh6 10. b3 Bg6 11. Nc3 Nf5 12. Na4 Qa5 13. c4 Rd8 14. Bd2 Qa6 15. Qe1 Be7 16. Rf2 d4 17. Bc1 Rd7 18. Nd2 Ne3 19. Ne4 Bxe4 20. dxe4 Qc8 21. Ba3 g5 22. f5 g4 23. fxe6 fxe6 24. hxg4 Nxg4 25. Rf4 Nxe5 26. Bxc5 Nd3 27. Qd1 Nxc5 28. Qg4 Nxa4 29. Qg6+ Kd8 30. Qxe6 Nc5 31. Qe5 Re8 32. Rf7 Nd3 33. Qa5+ Qc7 34. Qd2 Ne5 35. Rg7 Bf6 0-1


[Site "https://www.chess.com"]

[Event "Titled Tuesday Blitz March 21 Early 2023"]
[White "Semenova, Alina"]
[Black "Barria Santos, Jose Guilherme"]
[WhiteFideId "24113875"]
[BlackFideId "1939300"]
[WhiteElo "1833"]
[BlackElo "2301"]
[Result "0-1"]
[Round "07"]
[TimeControl "180+2"]
[Date "2023.03.21"]
[WhiteClock "0:00:02"]
[BlackClock "0:00:23"]

1. e4 c5 2. Nf3 d6 3. d4 cxd4 4. Nxd4 Nf6 5. Nc3 a6 6. f3 e5 7. Nb3 Be7 8. Be3 Be6 9. Qd2 h5 10. O-O-O Nbd7 11. Kb1 Rc8 12. h3 h4 13. Nd5 Bxd5 14. exd5 Nb6 15. Bxb6 Qxb6 16. Qa5 Bd8 17. Qxb6 Bxb6 18. Bd3 Nh5 19. Rhe1 Nf4 20. Rd2 Rc7 21. Be4 Ke7 22. Nc1 Ba5 23. c3 b5 24. Nd3 Nxd3 25. Rxd3 b4 26. Kc2 bxc3 27. bxc3 Rhc8 28. Ree3 Bb6 29. Re2 Kf6 30. Kb3 Rb8 31. Rc2 Bg1+ 32. Ka3 Rc5 33. Ka4 Rbb5 34. c4 Ra5+ 35. Kb3 Bd4 36. a4 Rc7 37. Rd1 Rb7+ 38. Ka3 Bc5+ 0-1


[Site "https://www.chess.com"]

[Event "Titled Tuesday Blitz March 21 Early 2023"]
[White "Clawitter, Craig"]
[Black "Prado, Alexandra"]
[WhiteFideId "2023105"]
[BlackFideId "3301346"]
[WhiteElo "2234"]
[BlackElo "1759"]
[Result "1-0"]
[Round "07"]
[TimeControl "180+2"]
[Date "2023.03.21"]
[WhiteClock "0:00:36"]
[BlackClock "0:00:07"]

1. e4 c5 2. Nf3 Nc6 3. d4 cxd4 4. Nxd4 g6 5. Nc3 Bg7 6. Be3 Nf6 7. Bc4 O-O 8. Bb3 a6 9. f3 b5 10. Qd2 Ne5 11. Bh6 Nc4 12. Bxc4 bxc4 13. h4 d5 14. h5 dxe4 15. Bxg7 Kxg7 16. hxg6 fxg6 17. Qh6+ Kf7 18. O-O-O Qb6 19. Nxe4 Rh8 20. Ng5+ Ke8 21. Qg7 Rf8 22. Nxh7 Nxh7 23. Rxh7 Bf5 24. Qxe7# 1-0


[Site "https://www.chess.com"]

[Event "Titled Tuesday Blitz March 21 Early 2023"]
[White "babbilator"]
[Black "ritanovikova"]
[WhiteElo "2209"]
[BlackElo "2200"]
[Result "1-0"]
[Round "07"]
[TimeControl "180+2"]
[Date "2023.03.21"]
[WhiteClock "0:00:02"]
[BlackClock "0:00:29"]

1. e4 d5 2. exd5 Qxd5 3. Nc3 Qd8 4. Bc4 Nf6 5. d3 Bf5 6. Nge2 e6 7. O-O h6 8. Ng3 Bg6 9. Nce2 Nh5 10. c3 Nxg3 11. fxg3 Bh5 12. Qe1 Bxe2 13. Qxe2 Be7 14. Rxf7 Kxf7 15. Qxe6+ Ke8 16. Qg6+ Kd7 17. Be6+ Kc6 18. Be3 Bf6 19. Qe4+ Kd6 20. Bf7 Qd7 21. Qb4+ c5 22. Qxc5# 1-0


[Site "https://www.chess.com"]

[Event "Titled Tuesday Blitz March 21 Early 2023"]
[White "Karthikeyan, Murali"]
[Black "Larina, Maria"]
[WhiteFideId "5074452"]
[BlackFideId "24113182"]
[WhiteElo "2523"]
[BlackElo "1848"]
[Result "1-0"]
[Round "07"]
[TimeControl "180+2"]
[Date "2023.03.21"]
[WhiteClock "0:00:50"]
[BlackClock "0:00:10"]

1. Nf3 f5 2. c4 Nf6 3. Nc3 d6 4. d4 g6 5. g3 Bg7 6. Bg2 O-O 7. O-O Nc6 8. b3 e5 9. Bb2 e4 10. Ne1 Qe8 11. Nc2 g5 12. f3 Qg6 13. fxe4 Nxe4 14. Qd3 Nxc3 15. Bxc3 a5 16. e4 f4 17. gxf4 gxf4 18. Kh1 Kh8 19. Rg1 Qh5 20. Raf1 Bg4 21. Bf3 Bxf3+ 22. Rxf3 Rf6 23. Rh3 Qf7 24. e5 Rf5 25. e6 Qf6 26. d5 Ne5 27. Qe4 Rf8 28. Nd4 Rg5 29. Qxh7# 1-0


[Site "https://www.chess.com"]

[Event "Titled Tuesday Blitz March 21 Early 2023"]
[White "Martin Carmona, Gaston Manuel"]
[Black "Winkels, Marcel"]
[WhiteFideId "22284567"]
[BlackFideId "1003887"]
[WhiteElo "2245"]
[BlackElo "1900"]
[Result "1-0"]
[Round "07"]
[TimeControl "180+2"]
[Date "2023.03.21"]
[WhiteClock "0:00:21"]
[BlackClock "0:00:02"]

1. Nf3 Nf6 2. d4 g6 3. c4 Bg7 4. Nc3 d5 5. e3 O-O 6. cxd5 Nxd5 7. Bc4 Nxc3 8. bxc3 c5 9. O-O Nc6 10. Qe2 Bg4 11. h3 Bxf3 12. Qxf3 Rc8 13. Rb1 cxd4 14. cxd4 Nxd4 15. exd4 Rxc4 16. Rxb7 Bxd4 17. Bh6 Bg7 18. Bxg7 Kxg7 19. Rxa7 e6 20. Rb1 Qc8 21. Rbb7 Qe8 22. g3 Rc5 23. a4 Rf5 24. Qc3+ Kg8 25. a5 Qc8 26. Rc7 Qb8 27. Rab7 Qa8 28. Ra7 Qf3 29. Qxf3 Rxf3 30. Kg2 Ra3 31. a6 h5 32. h4 Kg7 33. Rc6 Kg8 34. Rcc7 Kg7 35. Kf1 Ra2 36. Ke1 Kg8 37. Kf1 Kg7 38. Rc6 Kg8 39. Rb7 Ra8 40. Rcc7 R8xa6 41. Rxf7 e5 42. Rg7+ Kf8 43. Rbf7+ Ke8 44. Re7+ Kf8 45. Rgf7+ Kg8 46. Rf3 Ra1+ 47. Kg2 R1a3 48. Rff7 e4 49. Rb7 e3 50. Rfc7 Ra8 51. fxe3 Rxe3 52. Rg7+ Kf8 53. Rxg6 Ra2+ 54. Kh3 Re1 55. Rf6+ Ke8 56. Re6+ Rxe6 57. Rb5 Rh6 58. Re5+ Kf7 59. Rg5 Kf6 60. Rb5 Ra3 61. Rb6+ Kg7 62. Rb7+ Kg6 63. Rb6+ Kg7 64. Rb7+ Kf8 65. Rb5 Rg6 66. Rxh5 Rgxg3+ 67. Kh2 Rh3+ 68. Kg2 Rag3+ 69. Kf2 Rg4 70. Rf5+ Kg7 71. Rb5 Rgxh4 72. Rb7+ Kg6 73. Rb6+ Kg5 74. Rb5+ Kf4 75. Rb4+ Ke5 76. Rb7 Kd4 77. Kg2 Kc3 78. Rc7+ Kd3 79. Rd7+ Ke4 80. Ra7 Kf5 81. Ra5+ Kg4 82. Ra6 Kh5 83. Kg1 1-0


[Site "https://www.chess.com"]

[Event "Titled Tuesday Blitz March 21 Early 2023"]
[White "th3d4rkness"]
[Black "Vagman, Roy"]
[BlackFideId "2828995"]
[WhiteElo "2111"]
[BlackElo "2188"]
[Result "0-1"]
[Round "07"]
[TimeControl "180+2"]
[Date "2023.03.21"]
[WhiteClock "0:00:22"]
[BlackClock "0:00:32"]

1. d4 Nf6 2. Nf3 g6 3. Bf4 Bg7 4. e3 d6 5. h3 O-O 6. c3 Nbd7 7. Be2 c5 8. O-O b6 9. Nbd2 Bb7 10. a4 a6 11. Qb1 e5 12. dxe5 dxe5 13. Bh2 e4 14. Ne1 Qe7 15. Nc4 Ne8 16. Nc2 b5 17. Na5 Bd5 18. Rd1 Qg5 19. Bf4 Qf5 20. Bg4 Qf6 21. Rxd5 Nb6 22. Rd1 Nxa4 23. Nb7 h5 24. Be2 g5 25. Bh2 h4 26. Nd6 Nxd6 27. Rxd6 Qe7 28. Rd5 Rfd8 29. Rxd8+ Rxd8 30. Na3 Rd2 31. Bf1 Rxb2 32. Qd1 Nxc3 33. Qe1 c4 34. Nb1 Nxb1 35. Rxb1 Rxb1 36. Qxb1 c3 37. Qa2 Qc5 38. Qxa6 c2 39. Qa8+ Bf8 0-1


[Site "https://www.chess.com"]

[Event "Titled Tuesday Blitz March 21 Early 2023"]
[White "Corredor Castellanos, Camilo"]
[Black "MANOJ_MISHRA123"]
[WhiteFideId "4425871"]
[WhiteElo "1994"]
[BlackElo "2106"]
[Result "1-0"]
[Round "07"]
[TimeControl "180+2"]
[Date "2023.03.21"]
[WhiteClock "0:01:52"]
[BlackClock "0:01:13"]

1. Nf3 Nf6 2. g3 g6 3. Bg2 Bg7 4. d3 O-O 5. e4 d6 6. O-O c5 7. c3 Nc6 8. Re1 Bg4 9. h3 Bxf3 10. Bxf3 Nd7 11. Bg5 h6 12. Be3 Nce5 13. Bg2 Rb8 14. a4 a6 15. Na3 b5 16. axb5 axb5 17. f4 Nc6 18. e5 Na5 19. b4 cxb4 20. cxb4 dxe5 21. bxa5 exf4 22. Bxf4 b4 23. Nc4 Bxa1 24. Qxa1 Kh7 25. a6 Ra8 26. Bxa8 Qxa8 27. Rxe7 Nc5 28. a7 Nxd3 29. Qf6 Ne1 30. Rxf7+ Rxf7 31. Qxf7+ Kh8 32. Be5# 1-0


[Site "https://www.chess.com"]

[Event "Titled Tuesday Blitz March 21 Early 2023"]
[White "Jesusesmifuerza"]
[Black "Coelho, Ramyres Santana"]
[BlackFideId "2120690"]
[WhiteElo "2038"]
[BlackElo "1888"]
[Result "0-1"]
[Round "07"]
[TimeControl "180+2"]
[Date "2023.03.21"]
[WhiteClock "0:01:17"]
[BlackClock "0:01:58"]

1. d4 Nf6 2. Bf4 Nh5 3. Bg5 h6 4. Bh4 g5 5. e4 Nf6 6. Bg3 Nxe4 7. Bd3 Nxg3 8. hxg3 Bg7 9. c3 c5 10. Nf3 cxd4 11. cxd4 Qb6 12. Qd2 Bxd4 13. Nxd4 Qxd4 14. Nc3 Qe5+ 15. Kf1 Nc6 16. Re1 Qa5 17. a3 d6 18. Be4 Be6 19. Bd5 Bxd5 20. Nxd5 Qxd2 0-1


[Site "https://www.chess.com"]

[Event "Titled Tuesday Blitz March 21 Early 2023"]
[White "Leschinsky, Gary"]
[Black "Latreche, Khadidja"]
[WhiteFideId "30951321"]
[BlackFideId "7901780"]
[WhiteElo "1855"]
[BlackElo "1869"]
[Result "0-1"]
[Round "07"]
[TimeControl "180+2"]
[Date "2023.03.21"]
[WhiteClock "0:02:02"]
[BlackClock "0:01:18"]

1. c4 c5 2. Nf3 Nc6 3. d4 cxd4 4. Nxd4 g6 5. Nc3 Bg7 6. Nc2 a6 7. g3 e6 8. Bg2 Nge7 9. O-O O-O 10. c5 Bxc3 11. bxc3 Qa5 12. Be3 Qxc3 13. Rc1 Qf6 14. Nd4 e5 15. Nb3 Rd8 16. Nd2 d5 17. cxd6 Qxd6 18. Ne4 Qxd1 19. Rfxd1 Rxd1+ 20. Rxd1 Be6 21. Nc5 Bxa2 22. Nxb7 Rb8 23. Nc5 a5 24. Ra1 Rb1+ 25. Rxb1 Bxb1 26. Bd5 Nxd5 0-1


[Site "https://www.chess.com"]

[Event "Titled Tuesday Blitz March 21 Early 2023"]
[White "Vargas Pereda, Jesus Manue"]
[Black "Cueto, Jonny"]
[WhiteFideId "5115710"]
[BlackFideId "3300145"]
[WhiteElo "1914"]
[BlackElo "2234"]
[Result "1-0"]
[Round "07"]
[TimeControl "180+2"]
[Date "2023.03.21"]
[WhiteClock "0:01:34"]
[BlackClock "0:01:57"]

1. d4 e6 2. Bf4 b6 3. Nf3 Bb7 4. e3 d6 5. Bd3 Nd7 6. O-O g6 7. c4 Bg7 8. Nc3 Ne7 9. e4 e5 10. Bg5 O-O 11. Qd2 exd4 12. Ne2 c5 13. Bh6 Ne5 14. h4 Bxh6 15. Qxh6 Nxd3 16. Ng5 1-0


[Site "https://www.chess.com"]